 Dungeon Crawl Stone Soup version 0.30-a0-335-ge5acde7520 (webtiles) character file.

Game seed: 8464740667405898055

51822 Angani the Scholar (level 14, 122/122 HPs)
             Began as a Yellow Draconian Hunter on Apr 30, 2022.
             Was an Elder of Sif Muna.
             Quit the game on level 6 of the Lair of Beasts on Oct 30, 2022.
             The game lasted 00:41:08 (22630 turns).

Angani the Scholar (Yellow Draconian Hunter)       Turns: 22630, Time: 00:41:09

Health: 122/122    AC: 21    Str: 14    XL:     14   Next: 24%
Magic:  24/24      EV: 17    Int: 14    God:    Sif Muna [****..]
Gold:   1321       SH:  0    Dex: 15    Spells: 15/23 levels left

rFire   . . .      SeeInvis +    b - +7 staff of the Meek {protect, meekguard}
rCold   . . .      Faith    .    (shield currently unavailable)
rNeg    . . .      Spirit   .    (body armour unavailable)
rPois   +          Reflect  .    L - +2 hat
rElec   .          Harm     .    f - +2 cloak
rCorr   +          Rampage  .    (no gloves)
Will    +....                    (no boots)
Stlth   ++........               F - amulet of the acrobat
HPRegen 0.40/turn                u - ring of poison resistance
MPRegen 0.19/turn                V - +4 ring of slaying

@: under a protective aura
A: spit acid, AC +8, unfitting armour, acidic bite, cold-blooded, acid
resistance, see invisible, shaggy fur 1
a: Breathe Acid, Renounce Religion, Channel Magic, Forget Spell, Divine Exegesis


You were on level 6 of the Lair of Beasts.
You worshipped Sif Muna.
Sif Muna was greatly pleased with you.
You visited 2 branches of the dungeon, and saw 17 of its levels.
You also visited: Ice Cave.

You collected 1711 gold pieces.
You spent 390 gold pieces at shops.

Inventory:

Hand Weapons
 a - the +7 quarterstaff of Experimentation {venom, Str+3}
   (You found it on level 8 of the Dungeon)

   It poisons the flesh of those it strikes.
   Str:       It affects your strength (+3).
 b - the +7 staff of the Meek (weapon) {protect, meekguard}
   (You found it on level 3 of the Dungeon)

   It grants its wielder temporary protection when it strikes (+7 to AC).
   It provides extra protection to wielders with little health.
 A - a +0 arbalest
Missiles
 w - 3 throwing nets (quivered)
Armour
 f - a +2 cloak (worn)
 L - a +2 hat (worn)
Jewellery
 u - a ring of poison resistance (left hand)
 v - a ring of flight
 C - a ring of protection from cold
 E - a ring of wizardry
 F - an amulet of the acrobat (around neck)
 O - a ring of protection from fire
 S - a +4 ring of evasion
 T - a ring of willpower
 U - a ring of willpower
 V - a +4 ring of slaying (right hand)
Wands
 y - a wand of polymorph (6)
 H - a wand of iceblast (8)
 J - a wand of paralysis (11)
 Q - a wand of flame (1)
Scrolls
 c - 2 scrolls of immolation
 h - 7 scrolls of teleportation
 i - 4 scrolls of amnesia
 j - 2 scrolls of magic mapping
 k - 2 scrolls of holy word
 n - 4 scrolls of fog
 o - 2 scrolls of summoning
 r - a scroll of torment
 s - a scroll of identify
 x - 3 scrolls of vulnerability
 D - a scroll of silence
 M - 5 scrolls of enchant weapon
 W - a scroll of enchant armour
Potions
 d - 4 potions of might
 e - 3 potions of mutation
 g - 3 potions of lignification
 l - a potion of magic
 m - 2 potions of brilliance
 p - 5 potions of ambrosia
 q - 7 potions of attraction
 t - 5 potions of curing
 z - 3 potions of invisibility
 B - a potion of haste
 G - 2 potions of berserk rage
 I - 2 potions of cancellation
 K - 3 potions of resistance
 R - 2 potions of flight
Miscellaneous
 N - a phial of floods


   Skills:
 - Level 10.6 Fighting
 - Level 14.0 Staves
 - Level 5.0 Ranged Weapons
 - Level 10.0 Dodging
 - Level 0.8 Stealth
 + Level 5.1 Spellcasting
 + Level 5.6 Poison Magic
 - Level 14.1 Invocations


You had 15 spell levels left.
You knew the following spells:

 Your Spells              Type           Power      Damage    Failure   Level
a - Apportation           Tloc           6%         N/A       17%         1
b - Olgreb's Toxic Radia  Pois           19%        N/A       17%         4
c - Ignite Poison         Fire/Tmut/Pois 8%         N/A       24%         3

Your spell library contained the following spells:

 Spells                   Type           Power      Damage    Failure   Level
 Freeze                   Ice            12%        1d3       17%         1
 Pain                     Necr           12%        1d4       17%         1
 Ensorcelled Hibernation  Hex/Ice        6%         N/A       26%         2
 Passwall                 Tmut/Erth      2%         N/A       26%         2
 Sublimation of Blood     Necr           3%         N/A       26%         2
 Frozen Ramparts          Ice            6%         1d1       45%         3
 Hailstorm                Conj/Ice       3%         3d3       45%         3
 Swiftness                Air            3%         N/A       45%         3
 Alistair's Intoxication  Tmut/Pois      7%         N/A       83%         5
 Airstrike                Air            1%         2d(1-17)  86%         4
 Anguish                  Hex/Necr       1%         N/A       86%         4
 Dispel Undead            Necr           3%         3d7       86%         4
 Sticky Flame             Conj/Fire      3%         2d3       86%         4
 Summon Lightning Spire   Summ/Air       3%         N/A       86%         4
 Agony                    Necr           3%         N/A       99%         5
 Freezing Cloud           Conj/Ice/Air   1%         6-21      99%         5
 Lightning Bolt           Conj/Air       1%         1d12      99%         5
 Conjure Ball Lightning   Conj/Air       1%         3x3d6     100%        6
 Death Channel            Necr           1%         N/A       100%        6
 Eringya's Noxious Bog    Tmut/Pois      5%         N/A       100%        6
 Simulacrum               Ice/Necr       1%         N/A       100%        6
 Discord                  Hex            1%         N/A       100%        8
 Disjunction              Tloc           1%         N/A       100%        8
 Necromutation            Tmut/Necr      1%         N/A       100%        8
 Chain Lightning          Conj/Air       1%         3d2       100%        9
 Fire Storm               Conj/Fire      1%         8d1       100%        9
 Polar Vortex             Ice            1%         N/A       100%        9
 Shatter                  Erth           1%         3d6*      100%        9


Dungeon Overview and Level Annotations

Branches:
Dungeon (11/15)            Temple (0/1) D:7            Lair (6/6) D:10
 Shoals (0/4) Lair:3        Snake (0/4) Lair:2        Slime (0/5) Lair:6
    Orc (0/2) D:11          IceCv (visited)

Altars:
Qazlal
Sif Muna
Trog
Xom
The Shining One
Jiyva

Shops:
D:1 *   D:6 [   D:7 [   D:10 !

Annotations:
D:3 2 runed translucent doors
D:4 3 runed translucent doors, DrLatency's ghost, novice GnCK
D:6 1 runed translucent door
D:11 3 runed translucent doors, exclusions: 3 doors and 3 more exclusions, robertstho's ghost, journeyman DEFE


Innate Abilities, Weirdness & Mutations

You can spit globs of acid.
Your golden yellow scales are hard. (AC +8)
You cannot fit into any form of body armour.
You have acidic saliva.
You are cold-blooded and may be slowed by cold attacks.
You are resistant to acid. (rCorr)
You have supernaturally acute eyesight. (SInv)
You are covered in fur. (AC +1)


Message History

No target in view!
Unknown command.
You start resting.
HP restored.
A basilisk comes into view.
A basilisk is nearby!
The basilisk hisses angrily.
The basilisk gazes at you.
You easily resist.
You sock the basilisk!
Your weapon exudes an aura of protection.
The basilisk is moderately wounded.
The basilisk bites you but does no damage.
You hit the basilisk.
The basilisk is moderately wounded.
The basilisk closely misses you.
You hit the basilisk. You tail-slap the basilisk.
You bite the basilisk, but do no damage.
The basilisk is heavily wounded.
You thump the basilisk!
Your tail-slap misses the basilisk.
You bite the basilisk, but do no damage.
The basilisk is severely wounded.
The basilisk misses you.
You closely miss the basilisk.
Your tail-slap misses the basilisk.
You bite the basilisk, but do no damage.
The basilisk is severely wounded.
You hit the basilisk.
Your tail-slap misses the basilisk.
The basilisk is severely wounded.
The basilisk bites you but does no damage.
You bludgeon the basilisk!!
You kill the basilisk!
Sif Muna accepts your kill.
No target in view!
Saving game... please wait.
Your Ranged Weapons skill gained 5 levels and is now at level 5!
Your Crossbows skill increases to level 6!
Welcome back, Angani the Yellow Draconian Hunter.
Sif Muna whispers: I know many secrets...
Press ? for a list of commands and other information.
Are you sure you want to abandon this character and quit the game? (Confirm with "yes".)

...................<........#
..................#..†#.##..##
#...................##.####..#
.......P..#....(..#####......#
....####...(.PP(...##.#...#..#
#...# .#....(.(..##...†....##
#....+ ...(................#
#...#.. .....(........###..###
#....... #...@......#..#...#
...##.##. #......##..^.##..###
.... .# ##.....##.P##.##.#
#......#..####.#.##
......#.#..#.......##
....................P#
.....................#
...................### ..
#..#....#.#


There were no monsters in sight!

Vanquished Creatures
  A white draconian (IceCv)
  5 hydras
  A boulder beetle (D:11)
  4 two-headed ogres (D:11)
  8 death yaks
  Nergalle (Lair:2)
  Lodul (D:11)
  A deep troll (Lair:5)
  An ugly thing (D:11)
  3 cyclopes
  3 merfolk sirens (Lair:3)
  10 elephants
  11 black mambas
  7 cane toads
  2 ice statues (IceCv)
  Psyche (D:9)
  7 rime drakes
  15 komodo dragons
  2 ice devils (Lair:3)
  2 trolls
  A merfolk (Lair:3)
  3 meliai (D:10)
  5 polar bears
  9 blink frogs
  7 dream sheep (Lair:5)
  27 yaks
  A shadow (D:11)
  5 wyverns
  3 basilisks
  A water elemental (D:11)
  2 wraiths
  A fire elemental (Lair:3)
  3 steam dragons
  3 vampire mosquitoes (D:11)
  An acid dragon (D:10)
  4 nagas (Lair:2)
  Menkaure (D:7)
  14 water moccasins
  2 sky beasts
  5 orc warriors
  6 black bears
  An ice beast (D:5)
  2 ogres (D:11)
  8 centaurs
  28 wolves
  A kobold brigand (D:9)
  9 bullfrogs
  2 necrophages
  A gnoll sergeant (D:8)
  3 scorpions
  A wight (D:5)
  5 lindwurm simulacra (IceCv)
  3 howler monkeys (D:9)
  An electric eel (D:11)
  3 komodo dragon simulacra (IceCv)
  2 hounds
  7 orc priests
  2 gnoll boudas
  2 iguanas
  7 orc wizards
  25 gnolls
  7 adders
  10 acid dragon simulacra (IceCv)
  2 shadow imps (D:5)
  A white imp (D:6)
  3 steam dragon simulacra (IceCv)
  A worm (D:5)
  4 dart slugs
  41 orcs
  8 ball pythons
  7 bats
  3 endoplasms
  4 giant cockroaches
  10 goblins
  9 hobgoblins
  2 jackals (D:4)
  5 quokkas
  7 frilled lizards
  14 kobolds
  6 rats
447 creatures vanquished.

Vanquished Creatures (others)
  A bush (Lair:6)
  56 fungi
  146 plants
203 creatures vanquished.

Grand Total: 650 creatures vanquished

Notes
Turn   | Place    | Note
-------+----------+-------------------------------------------
     0 | D:1      | Angani the Draconian Hunter began the quest for the Orb.
     0 | D:1      | Reached XP level 1. HP: 17/17 MP: 1/1
    49 | D:1      | Reached XP level 2. HP: 25/25 MP: 2/2
   158 | D:1      | Found Ussobuap's Assorted Antiques.
   495 | D:1      | Reached XP level 3. HP: 17/31 MP: 3/3
  1121 | D:2      | Reached XP level 4. HP: 37/40 MP: 4/4
  1253 | D:2      | Found a faded altar of an unknown god.
  1569 | D:4      | Gained mutation: You have supernaturally acute eyesight.
                  | (SInv) [potion of mutation]
  1569 | D:4      | Gained mutation: You are covered in fur. (AC +1) [potion of
                  | mutation]
  1846 | D:4      | Found a shimmering blue altar of Sif Muna.
  1850 | D:4      | Became a worshipper of Sif Muna the Loreminder
  1933 | D:4      | Found a runed translucent gate.
  1933 | D:4      | Found a runed translucent gate.
  1933 | D:4      | Found a runed translucent gate.
  1933 | D:4      | Noticed DrLatency's ghost (novice GnCK)
  1936 | D:4      | Noticed a gnoll sergeant
  1957 | D:4      | Reached skill level 1 in Invocations
  1957 | D:4      | Reached XP level 5. HP: 46/46 MP: 5/5
  2581 | D:3      | Found a large runed translucent door.
  2583 | D:3      | Found a large runed translucent door.
  2678 | D:3      | Reached * piety under Sif Muna
  2926 | D:3      | Found a shimmering altar of Xom.
  3109 | D:3      | Found the +7 staff of the Meek {protect, meekguard}
  3124 | D:3      | Reached skill level 5 in Crossbows
  3783 | D:4      | Reached XP level 6. HP: 50/53 MP: 7/7
  4171 | D:5      | Entered Level 5 of the Dungeon
  4186 | D:5      | Reached skill level 1 in Staves
  4190 | D:5      | Reached skill level 5 in Fighting
  4227 | D:5      | Your scales start taking on a golden yellow colour.
  4227 | D:5      | Reached XP level 7. HP: 55/61 MP: 9/9
  4227 | D:5      | Gained mutation: You are resistant to acid. (rCorr) [Yellow
                  | Draconian growth]
  4814 | D:6      | Reached XP level 8. HP: 71/71 MP: 11/11
  4847 | D:6      | Reached skill level 5 in Invocations
  5400 | D:6      | Found Acziwk's Armour Shoppe.
  5474 | D:6      | Found a runed translucent door.
  5747 | D:7      | Noticed Menkaure
  5747 | D:7      | Found Yttan's Armour Emporium.
  5751 | D:7      | Killed Menkaure
  6038 | D:7      | Learned a level 1 spell: Apportation
  6132 | D:7      | Reached ** piety under Sif Muna
  6148 | D:7      | Found a staircase to the Ecumenical Temple.
  6157 | D:7      | Reached skill level 5 in Staves
  6234 | D:7      | Noticed a cyclops
  6249 | D:7      | Killed a cyclops
  6701 | D:8      | Identified the +7 quarterstaff of Experimentation {venom,
                  | Str+3}
  6712 | D:8      | Reached XP level 9. HP: 74/81 MP: 14/14
  6776 | D:8      | Found a bloodstained altar of Trog.
  7611 | D:9      | Found a stormy altar of Qazlal.
  7893 | D:9      | Reached XP level 10. HP: 57/91 MP: 16/16
  8163 | D:9      | Reached *** piety under Sif Muna
  8364 | D:9      | Found a glowing golden altar of the Shining One.
  8497 | D:10     | Entered Level 10 of the Dungeon
  8497 | D:10     | Found a staircase to the Lair.
  8499 | D:10     | Noticed an elephant
  8963 | D:10     | Found Supras's Distillery.
  8981 | D:10     | Reached skill level 10 in Fighting
  8993 | D:10     | Bought a potion of haste for 130 gold pieces
  8993 | D:10     | Bought a potion of berserk rage for 65 gold pieces
  8993 | D:10     | Bought a potion of cancellation for 104 gold pieces
  8993 | D:10     | Bought a potion of curing for 39 gold pieces
  8993 | D:10     | Bought a potion of might for 52 gold pieces
  9176 | D:10     | Noticed Psyche
  9195 | D:9      | Killed Psyche
  9217 | D:10     | Killed an elephant
 10190 | D:11     | Noticed a green ugly thing
 10223 | D:11     | Killed a green ugly thing
 10224 | D:11     | Reached skill level 10 in Invocations
 10396 | D:11     | Found a staircase to the Orcish Mines.
 10529 | D:11     | Noticed a cyclops
 10550 | D:11     | Killed a cyclops
 10551 | D:11     | Reached XP level 11. HP: 64/101 MP: 17/19
 10787 | D:11     | Noticed a boulder beetle
 10816 | D:11     | Killed a boulder beetle
 10817 | D:11     | Reached skill level 10 in Staves
 11138 | D:11     | Noticed a five-headed hydra
 11152 | D:11     | Noticed Lodul
 11186 | D:11     | Killed a five-headed hydra
 11321 | D:11     | Killed Lodul
 11602 | D:11     | Noticed a two-headed ogre
 11602 | D:11     | Noticed a two-headed ogre
 11602 | D:11     | Noticed a two-headed ogre
 11603 | D:11     | Noticed a two-headed ogre
 11622 | D:11     | Killed a two-headed ogre
 11635 | D:11     | Killed a two-headed ogre
 11638 | D:11     | Killed a two-headed ogre
 11644 | D:11     | Killed a two-headed ogre
 12036 | D:11     | Found a runed translucent gate.
 12036 | D:11     | Found a runed translucent gate.
 12036 | D:11     | Found a runed translucent gate.
 12101 | D:11     | Noticed robertstho's ghost (journeyman DEFE)
 12398 | Lair:1   | Entered Level 1 of the Lair of Beasts
 12693 | Lair:1   | Identified the +8 falchion of Mutilation {venom, rPois rC-
                  | Str-2 Int+7}
 13327 | Lair:2   | Noticed Nergalle
 13338 | Lair:2   | Noticed a spectral orc warlord
 13340 | Lair:2   | Killed Nergalle
 13341 | Lair:2   | Reached XP level 12. HP: 98/108 MP: 21/21
 13407 | Lair:2   | Reached **** piety under Sif Muna
 14001 | Lair:2   | Found a staircase to the Snake Pit.
 14604 | Lair:2   | Identified the +2 chain mail "Pieshehe" {Stlth+}
 15111 | Lair:3   | Found a frozen archway.
 15120 | IceCv    | Entered an ice cave
 15679 | IceCv    | Noticed a white draconian
 15963 | IceCv    | Killed a white draconian
 16130 | Lair:3   | Noticed a seven-headed hydra
 16144 | Lair:3   | Killed a seven-headed hydra
 16490 | Lair:3   | Reached ***** piety under Sif Muna
 16514 | Lair:3   | Reached skill level 5 in Dodging
 16585 | Lair:3   | Reached XP level 13. HP: 26/114 MP: 23/23
 17205 | Lair:3   | Found a staircase to the Shoals.
 17219 | Lair:3   | Received a gift from Sif Muna
 17231 | Lair:3   | Got Sif Muna's Incunabulum of Darkness and Toxins {god
                  | gift}
 18832 | Lair:4   | Identified the +4 mace of Dried Tears {vorpal, rF- rN+
                  | rCorr}
 20023 | Lair:5   | Reached skill level 10 in Dodging
 20206 | Lair:5   | Learned a level 4 spell: Olgreb's Toxic Radiance
 20210 | Lair:5   | Learned a level 3 spell: Ignite Poison
 20310 | Lair:5   | Reached skill level 1 in Poison Magic
 20336 | Lair:5   | Reached skill level 1 in Spellcasting
 20664 | Lair:6   | Entered Level 6 of the Lair of Beasts
 20664 | Lair:6   | Found a viscous altar of Jiyva.
 20664 | Lair:6   | Found a staircase to the Slime Pits.
 21555 | Lair:5   | Gained mutation: You have acidic saliva. [Yellow Draconian
                  | growth]
 21555 | Lair:5   | Reached XP level 14. HP: 52/122 MP: 24/24
 22094 | Lair:6   | HP: 5/122 [death yak (11)]
 22099 | Lair:6   | Reached skill level 5 in Poison Magic
 22105 | Lair:6   | Received a gift from Sif Muna
 22139 | Lair:6   | HP: 1/122 [yak (9)]
 22462 | Lair:6   | Reached skill level 5 in Spellcasting
 22630 | Lair:6   | Reached skill level 5 in Ranged Weapons
 22630 | Lair:6   | Upgraded the game from 0.29-a0-330-g52719c12eb to
                  | 0.30-a0-335-ge5acde7520
 22630 | Lair:6   | Quit the game

Illustrated notes

Levels and vault maps discovered:
D:1:      dpeg_arrival_windows_large_door, layout_basic, serial_shops, shop,
          lemuel_another_geyser
D:2:      layout_rooms, shapermc_ecumenical_altar_acropolis
D:3:      due_chaos_kobolds, layout_loops_corners, pf_guarded_unrand_meek
D:4:      layout_loops_ring, mainiacjoe_overflow_chevrons, gammafunk_ghost_split
D:5:      layout_cave_pools, minmay_small_thing
D:6:      layout_loops_ring, serial_shops, shop, st_stairs_14,
          serial_bayou_pond_a, lightli_church_of_beogh
D:7:      layout_basic, minmay_temple_entry_sparse_star, serial_shops, shop,
          grunt_decor_fettered, minmay_misc_feat_room, uniq_menkaure
D:8:      layout_basic, overflow_temple_1_default
D:9:      layout_cave_pools, mainiacjoe_overflow_catwalk, lemuel_doored_altar
D:10:     layout_loops_ring, david_lair_generic, serial_shops, shop, uniq_psyche
D:11:     layout_stronghold, erik_orc_4, gammafunk_ghost_icy, serial_bayou,
          serial_bayou_shore_b, serial_bayou_lagoon_a, serial_bayou_shore_a,
          serial_bayou_pond_b, uniq_lodul
Lair:1:   layout_chaotic_city, beast_lair_carwin_6, grunt_megastairs_4
Lair:2:   layout_cave_pods, minmay_snake_entry_guardpost_small, uniq_nergalle
Lair:3:   layout_chaotic_city, elwin_shoals_entry_stream,
          portal_ice_cave_demonic_guard, cheibrodos_lair_lostbears
Lair:4:   layout_loops_ring
Lair:5:   dreamdust_cave_troll, layout_regular_city
Lair:6:   evilmike_catoblepas_cave, layout_regular_city, slime_altar_1,
          lemuel_fruit_tree

Skill      XL: |  1  2  3  4  5  6  7  8  9 10 11 12 13 14 |
---------------+-------------------------------------------+-----
Crossbows      | 4 5 6 |  0.0
Fighting       | 3 4 5 6 7 9 10 | 10.6
Invocations    | 1 2 3 4 6 8 10 13 14 | 14.1
Staves         | 2 3 5 7 9 11 13 14 | 14.0
Dodging        | 5 10 | 10.0
Poison Magic   | 3 5 |  5.6
Spellcasting   | 3 5 |  5.1
Ranged Weapons | 5 |  5.0
Stealth        | |  0.8

Action                   |  1- 3 |  4- 6 |  7- 9 | 10-12 | 13-15 || total
-------------------------+-------+-------+-------+-------+-------++-------
Melee: Dagger            |     9 |    23 |       |       |       ||    32
       Tailslap          |     2 |     7 |    38 |    87 |   116 ||   250
       Quarterstaff      |       |    42 |   244 |   570 |   516 ||  1372
       Bite              |       |       |       |       |    30 ||    30
 Fire: Hand crossbow     |    89 |   106 |       |       |       ||   195
Throw: Throwing net      |       |       |       |     3 |       ||     3
 Abil: Breathe Acid      |       |       |    13 |    54 |    33 ||   100
Evoke: Phial of floods   |       |       |       |     1 |       ||     1
       Wand              |       |       |       |     8 |       ||     8
  Use: Scroll            |     5 |    12 |     7 |    10 |     1 ||    35
       Potion            |     1 |     1 |       |     2 |     1 ||     5
 Stab: Distracted        |       |       |     1 |       |       ||     1
       Sleeping          |       |       |     2 |       |     3 ||     5
       Held in net/web   |       |       |       |     3 |       ||     3
       Paralysed         |       |       |       |     7 |       ||     7
Armor: Skin              |    22 |    53 |   120 |   269 |   167 ||   631
Dodge: Dodged            |    25 |    74 |   174 |   385 |   357 ||  1015

Table legend: (Time is in decaauts)
 A = Elapsed time spent in this place.
 B = Non-inter-level travel time spent in this place.
 C = Inter-level travel time spent in this place.
 D = Time resting spent in this place.
 E = Time spent auto-exploring this place.
 F = Levels seen in this place.
 G = Mean time per level.
                   A        B        C        D        E       F      G
               +--------+--------+--------+--------+--------+-----+--------+
         Total |  22363 |  21985 |    378 |   7425 |  11020 |  18 | 1242.4 |
       Dungeon |  12445 |  12194 |    251 |   3357 |   6805 |  11 | 1131.4 |
          Lair |   8949 |   8823 |    126 |   3516 |   4202 |   6 | 1491.5 |
      Ice Cave |    968 |    968 |      0 |    552 |     13 |   1 |  968.0 |
               +--------+--------+--------+--------+--------+-----+--------+

Top non-repeatable levels by time:
  Lair:5: 2479 daAuts
    D:11: 2253 daAuts
  Lair:3: 2148 daAuts
  Lair:2: 1569 daAuts
     D:3: 1436 daAuts
    D:10: 1279 daAuts
     D:4: 1258 daAuts
     D:9: 1241 daAuts
  Lair:4: 1101 daAuts
     D:6: 1009 daAuts
     D:8: 973 daAuts
   IceCv: 968 daAuts
  Lair:1: 912 daAuts
     D:7: 885 daAuts
     D:1: 868 daAuts
